 Dungeon Crawl Stone Soup version 0.18-a0-1778-gadce9fa (webtiles) character file.

50884 nono the Severer (level 14, -5/109 HPs)
             Began as a Deep Dwarf Berserker on Apr 16, 2016.
             Was an Elder of Trog.
             Slain by a boulder beetle (30 damage)
             ... on level 8 of the Lair of Beasts.
             The game lasted 01:11:58 (16927 turns).

nono the Severer (Deep Dwarf Berserker)            Turns: 16927, Time: 01:11:59

Health: -5/109     AC: 25    Str: 25    XL:     14   Next: 21%
Magic:  24/24      EV: 21    Int:  9    God:    Trog [****..]
Gold:   1489       SH:  0    Dex: 16    Spells: 0 memorised, 13 levels left

rFire  + + .     SeeInvis .     Y - +0 battleaxe
rCold  + + +     Gourm    .     H - +3 ring mail
rNeg   + . .     Faith    .     (shield currently unavailable)
rPois  .         Spirit   .     O - +0 helmet
rElec  .         Dismiss  .     M - +2 cloak
rCorr  .         Reflect  .     U - +2 pair of gloves of the Salmon {rF++ rC+++ Str+4 Dex-5}
SustAt .         Harm     +     E - +0 pair of boots
MR     ++++.                    V - amulet of harm
Stlth  +.........               A - +4 ring of protection
                                f - +5 ring of dexterity

@: non-regenerating, incredibly resistant to hostile enchantments, very
unstealthy
A: damage resistance, recharge devices, high mp 1, negative energy resistance 1,
sense surroundings 2, slow regeneration 3
a: Device Recharging, Berserk, Trog's Hand, Brothers in Arms, Burn Spellbooks,
Renounce Religion


You were on level 8 of the Lair of Beasts.
You worshipped Trog.
Trog was greatly pleased with you.
You were not hungry.

You visited 3 branches of the dungeon, and saw 20 of its levels.

You collected 1489 gold pieces.

Inventory:

Hand Weapons
 b - a +1 war axe of flaming
 Y - a +0 battleaxe (weapon)
Armour
 E - a +0 pair of boots (worn)
 H - a +3 ring mail (worn)
 M - a +2 cloak (worn)
 O - a +0 helmet (worn)
 S - a +0 plate armour of fire resistance
 U - the +2 pair of gloves of the Salmon (worn) {rF++ rC+++ Str+4 Dex-5}
   (You found it on level 5 of the Lair of Beasts)

   It affects your strength (+4).
   It affects your dexterity (-5).
   It greatly protects you from fire.
   It renders you almost immune to cold.
Rods
 a - a +0 rod of clouds (10/10)
   (You found it on level 3 of the Lair of Beasts)
Jewellery
 f - a +5 ring of dexterity (left hand)
 h - an uncursed ring of positive energy
 A - a +4 ring of protection (right hand)
 K - an uncursed ring of sustain attributes
 L - an uncursed ring of resist corrosion
 Q - an uncursed ring of stealth
 V - an amulet of harm (around neck)
Wands
 c - a wand of heal wounds (0/9)
 o - a wand of lightning (9/15)
 t - a wand of slowing (23/48)
 y - a wand of paralysis (11/24)
 C - a wand of disintegration (14/24)
 F - a wand of lightning (8/15)
 P - a wand of iceblast (7/15)
 T - a wand of lightning (2/15)
 W - a wand of iceblast (5/15)
 Z - a wand of lightning (7/15)
Scrolls
 e - 3 scrolls of identify
 g - 3 scrolls of enchant weapon
 m - 5 scrolls of fog
 s - 9 scrolls of teleportation
 u - 3 scrolls of blinking
 v - 3 scrolls of recharging
 G - 4 scrolls of immolation
 J - a scroll of magic mapping
 N - 6 scrolls of remove curse
 R - a scroll of summoning
Potions
 j - a potion of might
 k - 2 potions of berserk rage
 n - 7 potions of curing
 p - 3 potions of flight
 q - 2 potions of agility
 r - 2 potions of haste
 w - 3 potions of heal wounds
 z - a potion of invisibility
 B - 2 potions of ambrosia
 I - a potion of resistance {unknown}
 X - a potion of magic
Comestibles
 d - 15 bread rations
 i - 15 beef jerkies
 l - 2 royal jellies
 x - 8 meat rations
 D - 21 fruits


   Skills:
 - Level 2.6 Fighting
 + Level 16.0 Axes
 + Level 14.0 Armour
 + Level 13.9 Dodging
 + Level 10.5 Evocations


You had 13 spell levels left.
You didn't know any spells.

Dungeon Overview and Level Annotations

Branches:
Dungeon (10/15)            Temple (0/1) D:5            Lair (8/8) D:9
 Shoals (0/4) Lair:5        Snake (0/4) Lair:5        Slime (0/6) Lair:7
    Orc (2/2) D:10
    Elf: Orc:2

Altars:
Elyvilon
Fedhas
Gozag
Makhleb
Nemelex Xobeh
Okawaru
Pakellas
Qazlal
Trog
Vehumet
Xom
Yredelemnul
Zin
The Shining One
Jiyva

Annotations:
D:5 Prince Ribbit
Lair:8 exclusion: ice statue


Innate Abilities, Weirdness & Mutations

You are resistant to damage.
You can recharge devices by infusing magical energy.
You resist negative energy.
You passively map the area around you.
You do not regenerate naturally.
You have an increased reservoir of magic (+10% MP).


Message History

You destroy the plant!
You hit the boulder beetle but do no damage.
The boulder beetle is severely wounded.
The boulder beetle bites you!!
* * * LOW HITPOINT WARNING * * *
You hit the boulder beetle. You burn the boulder beetle.
The boulder beetle is severely wounded.
Okay, then.
You hit the boulder beetle but do no damage.
The boulder beetle is severely wounded.
The boulder beetle misses you.
You hit the boulder beetle but do no damage.
The boulder beetle is severely wounded.
You hit the boulder beetle but do no damage.
The boulder beetle is severely wounded.
Wield which item (- for none, * to show all)? (? for menu, Esc to quit)
Your +1 war axe of flaming stops flaming.
Y - a +0 battleaxe (weapon)
The boulder beetle bites you!!
You die...

....#........P......P.#
...††.........PP.#....#
.....................##
....#...........P#...##
..†#..................#
...#......##P..###P...#
#P.#.....##...#.....###
.....P........P......#
.....PPPP......B@...##
....PPPPP#......#.P.##
##...########.#.####.#
##### #.### ### ###


You could see a boulder beetle.

Vanquished Creatures
  Maud (Lair:4)
  Fannar (Lair:3)
  Erolcha (D:8)
  6 hydras
  9 death yaks
  Pikel (D:4)
  3 griffons (Lair:7)
  An orc knight (Orc:2)
  6 black mambas
  8 elephants (Lair:6)
  Joseph (D:8)
  13 spiny frogs
  2 torpor snails
  6 rime drakes
  12 komodo dragons
  A freezing wraith (Lair:8)
  A troll (Orc:2)
  2 two-headed ogres
  4 polar bears (Lair:8)
  13 blink frogs
  Duvessa (D:7)
  18 yaks
  Sigmund (D:5)
  A wyvern (D:9)
  4 basilisks
  4 hippogriffs
  A hungry ghost (D:8)
  A warg (Orc:1)
  Edmund (D:5)
  4 nagas (Lair:5)
  24 water moccasins
  10 porcupines
  A black bear (D:6)
  A phantom (D:10)
  5 ice beasts
  15 orc warriors
  2 sky beasts
  2 slaves (D:4)
  12 ogres
  6 wolves
  4 centaurs
  9 crocodiles
  The ghost of Zhenya25pyc the Skirmisher, an amateur GrFi of Makhleb (D:3)
  A big kobold (D:8)
  22 giant frogs
  Blork the orc (D:5)
  4 scorpions
  5 killer bees (D:10)
  4 wights (D:9)
  5 electric eels
  3 howler monkeys (D:9)
  7 crimson imps
  A giant frog zombie (D:6)
  2 quasits
  3 hounds
  8 orc priests
  A jelly (D:9)
  4 giant frog skeletons
  7 orc wizards
  Ijyb (D:2)
  11 iguanas
  6 worker ants
  41 sheep
  A hound zombie (D:7)
  A hound skeleton (D:4)
  A howler monkey zombie (D:8)
  3 gnolls
  10 adders
  45 river rats
  6 shadow imps
  An adder zombie (D:5)
  3 worms
  3 dart slugs
  7 giant geckos
  65 orcs
  23 bats
  4 giant cockroaches
  5 hobgoblins
  3 jackals (D:9)
  16 kobolds
  4 quokkas
  A giant gecko zombie (D:6)
  2 giant newts
  7 goblins
  A jackal zombie (D:6)
  12 rats
  9 fungi
  4 plants
594 creatures vanquished.

Vanquished Creatures (others)
  A slave (D:7)
  Dowan (D:7)
  2 river rats (Lair:1)
  An orc (D:4)
  4 fungi
  3 plants
12 creatures vanquished.

Grand Total: 606 creatures vanquished

Notes
Turn   | Place    | Note
--------------------------------------------------------------
     0 | D:1      | nono the Deep Dwarf Berserker began the quest for the Orb.
     0 | D:1      | Reached XP level 1. HP: 20/20 MP: 1/1
   186 | D:1      | Reached XP level 2. HP: 21/27 MP: 2/2
   667 | D:2      | Noticed Ijyb
   672 | D:2      | Killed Ijyb
   672 | D:2      | Reached XP level 3. HP: 33/33 MP: 3/3
   723 | D:2      | Reached ** piety under Trog
   948 | D:2      | Reached XP level 4. HP: 23/40 MP: 4/4
  1117 | D:2      | Noticed an angel
  1119 | D:2      | Found a shimmering altar of Xom.
  1121 | D:2      | Found a glowing silver altar of Zin.
  1240 | D:3      | Noticed Zhenya25pyc's ghost (amateur GrFi)
  1296 | D:3      | Killed Zhenya25pyc's ghost
  1296 | D:3      | Reached skill level 4 in Axes
  1296 | D:3      | Reached XP level 5. HP: 27/46 MP: 5/5
  1390 | D:3      | Found a blossoming altar of Fedhas.
  1390 | D:3      | Found an iron altar of Okawaru.
  1390 | D:3      | Found a stormy altar of Qazlal.
  1846 | D:3      | Found a glowing golden altar of the Shining One.
  1848 | D:3      | Found a radiant altar of Vehumet.
  1849 | D:3      | Found a bloodstained altar of Trog.
  1849 | D:3      | Found a basalt altar of Yredelemnul.
  1849 | D:3      | Found a sparkling altar of Nemelex Xobeh.
  1849 | D:3      | Found a white marble altar of Elyvilon.
  2008 | D:3      | Noticed an orc warrior
  2019 | D:3      | Killed an orc warrior
  2027 | D:3      | Reached XP level 6. HP: 32/55 MP: 6/6
  2216 | D:4      | Reached skill level 5 in Axes
  2257 | D:4      | Reached skill level 5 in Dodging
  2410 | D:4      | Noticed a slave
  2424 | D:4      | Noticed a slave
  2427 | D:4      | Noticed a slave
  2439 | D:4      | Killed a slave
  2470 | D:4      | Killed a slave
  2474 | D:4      | Noticed Pikel
  2483 | D:4      | Noticed a slave
  2484 | D:4      | Killed Pikel
  2484 | D:4      | Reached skill level 6 in Axes
  2484 | D:4      | Reached skill level 5 in Armour
  2484 | D:4      | Reached XP level 7. HP: 57/61 MP: 7/7
  2625 | D:5      | Entered Level 5 of the Dungeon
  2919 | D:4      | Reached *** piety under Trog
  2938 | D:4      | Reached XP level 8. HP: 68/68 MP: 8/8
  3539 | D:5      | Noticed Sigmund
  3546 | D:5      | Killed Sigmund
  3546 | D:5      | Reached skill level 7 in Axes
  3813 | D:5      | Found an oddly glowing altar of Pakellas.
  3826 | D:5      | Noticed Edmund
  3840 | D:5      | Killed Edmund
  3870 | D:5      | Noticed Blork the orc
  3881 | D:5      | Killed Blork the orc
  4166 | D:5      | Found a staircase to the Ecumenical Temple.
  4201 | D:5      | Noticed Prince Ribbit
  4429 | D:6      | Reached skill level 8 in Axes
  4429 | D:6      | Gained mutation: You passively map the area around you. [Deep Dwarf growth]
  4429 | D:6      | Reached XP level 9. HP: 24/74 MP: 9/9
  4775 | D:6      | Gained mutation: You have an increased reservoir of magic (+10% MP). [potion of beneficial mutation]
  5301 | D:7      | Killed Dowan
  5468 | D:8      | Noticed Joseph
  5525 | D:8      | Killed Joseph
  5525 | D:8      | Reached skill level 9 in Axes
  5721 | D:8      | Noticed Erolcha
  5861 | D:9      | Reached **** piety under Trog
  6072 | D:9      | Reached XP level 10. HP: 65/81 MP: 11/11
  6468 | D:9      | Found a staircase to the Lair.
  6580 | D:9      | Reached skill level 10 in Axes
  6610 | D:8      | Found an opulent altar of Gozag.
  6648 | D:8      | Reached skill level 10 in Armour
  6998 | D:8      | Reached skill level 10 in Dodging
  7405 | D:7      | Noticed Duvessa
  7432 | D:7      | Killed Duvessa
  7749 | D:8      | Killed Erolcha
  7749 | D:8      | Reached skill level 11 in Axes
  8359 | D:10     | Entered Level 10 of the Dungeon
  8377 | D:10     | Reached XP level 11. HP: 73/88 MP: 12/12
  8388 | D:10     | Found a burning altar of Makhleb.
  8558 | D:10     | Found a staircase to the Orcish Mines.
  9033 | Orc:1    | Entered Level 1 of the Orcish Mines
  9169 | Orc:2    | Entered Level 2 of the Orcish Mines
  9335 | Orc:2    | Noticed an orc knight
  9353 | Orc:2    | Killed an orc knight
  9436 | Orc:2    | Reached skill level 12 in Axes
  9724 | Orc:2    | Reached skill level 1 in Evocations
  9814 | Lair:1   | Entered Level 1 of the Lair of Beasts
 10846 | Lair:2   | Reached ***** piety under Trog
 10862 | Lair:2   | Reached skill level 13 in Axes
 11249 | Lair:3   | Got an ancient leather armour
 11259 | Lair:3   | Identified the +1 leather armour of Hospitality {rF++ MP-9 Int+7} (You found it on level 3 of the Lair of Beasts)
 11365 | Lair:3   | Reached XP level 12. HP: 57/96 MP: 16/16
 11502 | Lair:3   | Noticed a four-headed hydra
 11504 | Lair:3   | Noticed Fannar
 11517 | Lair:3   | Killed a one-headed hydra
 11529 | Lair:3   | Killed Fannar
 11529 | Lair:3   | Reached skill level 5 in Evocations
 11531 | Lair:3   | Received a gift from Trog
 11625 | Lair:3   | Noticed a death yak
 11628 | Lair:3   | Noticed a death yak
 11643 | Lair:3   | Killed a death yak
 11683 | Lair:3   | Killed a death yak
 12191 | Lair:4   | Received a gift from Trog
 12230 | Lair:4   | Reached skill level 14 in Axes
 12475 | Lair:4   | Noticed Maud
 12494 | Lair:4   | Killed Maud
 12767 | Lair:4   | Identified a +0 rod of clouds (10/10) (You found it on level 3 of the Lair of Beasts)
 13217 | Lair:5   | Noticed a four-headed hydra
 13230 | Lair:5   | Killed a one-headed hydra
 13300 | Lair:5   | Noticed a four-headed hydra
 13310 | Lair:5   | Killed a one-headed hydra
 13310 | Lair:5   | Reached XP level 13. HP: 56/102 MP: 20/20
 13365 | Lair:5   | Got a pair of fine gloves
 13371 | Lair:5   | Identified the +2 pair of gloves of the Salmon {rF++ rC+++ Str+4 Dex-5} (You found it on level 5 of the Lair of Beasts)
 13646 | Lair:5   | Found a staircase to the Snake Pit.
 13694 | Lair:5   | Found a staircase to the Shoals.
 14437 | Lair:6   | Reached skill level 15 in Axes
 15526 | Lair:7   | Found a viscous altar of Jiyva.
 15527 | Lair:7   | Found a staircase to the Slime Pits.
 16096 | Lair:8   | Entered Level 8 of the Lair of Beasts
 16552 | Lair:8   | Reached skill level 10 in Evocations
 16554 | Lair:8   | Gained mutation: You resist negative energy. [Deep Dwarf growth]
 16554 | Lair:8   | Reached XP level 14. HP: 79/109 MP: 23/23
 16804 | Lair:8   | Reached skill level 16 in Axes
 16927 | Lair:8   | Slain by a boulder beetle

Vault maps used:
D:1:      lemuel_arrival_room
D:2:      grunt_temple_overflow_order_and_chaos_1, first_bread, uniq_iyjb
D:3:      grunt_temple_overflow_open, gammafunk_temple_overflow_claw
D:4:      uniq_pikel
D:5:      corexii_shack_village, temple_hall_moat, grunt_pakellas_mercury,
          uniq_blork_the_orc, uniq_sigmund, uniq_prince_ribbit1, uniq_edmund
D:7:      serial_glass, glass_columns_a, glass_columns_a, glass_columns_a,
          uniq_duvessa
D:8:      old_standard_altar, grunt_ogre_cave, uniq_erolcha, uniq_joseph
D:9:      grunt_lair_entry_orc_guard_hut, minmay_misc_feat_more_columns
D:10:     orc_0_dummy, bloody_makhleb
Lair:1:   infiniplex_staircase_pool, serial_bayou_shore_a
Lair:2:   serial_bayou_pond_e, nicolae_quartered_pool_medium,
          cheibrodos_lair_reptile_den, grunt_megastairs_2, serial_bayou_shore_b
Lair:3:   disabler_island, uniq_fannar
Lair:4:   lemuel_fruit_tree, grunt_megastairs_4, uniq_maud
Lair:5:   shoals_dummy_entry, minmay_snake_entry_guardpost_small
Lair:6:   nicolae_quartered_pool_super, pond
Lair:7:   dpeg_slime_entry_enclosed_altar
Lair:8:   evil_forest, ice2_lemuel
Orc:1:    uniq_urug
Orc:2:    pubby_orc_utopia, serial_shops

Skill      XL: |  1  2  3  4  5  6  7  8  9 10 11 12 13 14 |
---------------+-------------------------------------------+-----
Dodging        | 3 4 6 7 9 10 11 12 13 | 13.9
Armour         | 3 4 5 6 7 9 10 11 12 13 14 | 14.0
Axes           | 4 6 8 9 11 13 14 15 16 | 16.0
Evocations     | 4 7 10 | 10.5
Fighting       | |  2.6

Action                   |  1- 3 |  4- 6 |  7- 9 | 10-12 | 13-15 || total
-------------------------+-------+-------+-------+-------+-------++-------
Melee: Hand axe          |    27 |       |   367 |   707 |       ||  1101
       Dagger            |    64 |   204 |   350 |       |       ||   618
       War axe           |       |       |       |   565 |   586 ||  1151
       Battleaxe         |       |       |       |    70 |       ||    70
Invok: Berserk           |     1 |     3 |     6 |     6 |       ||    16
       Trog's Hand       |       |     4 |    14 |    40 |    23 ||    81
       Burn Spellbooks   |       |       |       |     1 |     1 ||     2
Evoke: Wand              |       |       |     1 |     3 |     6 ||    10
       Rod               |       |       |       |     2 |     5 ||     7
  Use: Scroll            |       |       |    15 |     4 |     8 ||    27
       Potion            |       |       |     3 |     8 |     4 ||    15
  Eat: Chunk             |     1 |     6 |    21 |    38 |    11 ||    77
       Beef jerky        |       |     1 |       |       |       ||     1
       Fruit             |       |       |     2 |       |     4 ||     6
       Pizza             |       |       |       |     1 |     3 ||     4
Armor: Chain mail        |    53 |   104 |    42 |       |       ||   199
       Animal skin       |     2 |       |       |       |       ||     2
       Ring mail         |       |       |   193 |   330 |   182 ||   705
       Skin              |       |       |       |       |    10 ||    10
Dodge: Dodged            |    35 |    90 |   516 |  1001 |   416 ||  2058
